 Dungeon Crawl Stone Soup version 0.23.1 (webtiles) character file.

Game seed: 581074033501429980

218400 Norn the Warrior (level 19, 0/168 HPs)
             Began as a Merfolk Skald on Mar 8, 2019.
             Was the Champion of Ashenzari.
             Slain by the 27-headed Lernaean hydra (10 damage)
             ... on level 4 of the Swamp.
             The game lasted 02:22:40 (54114 turns).

Norn the Warrior (Merfolk Skald)                   Turns: 54114, Time: 02:22:40

Health: 0/168      AC: 17    Str: 12    XL:     19   Next: 11%
Magic:  0/25       EV: 22    Int: 18    God:    Ashenzari [******]
Gold:   3120       SH:  0    Dex: 15    Spells: 3/22 levels left

rFire    . . .     SeeInvis +   z - +4 halberd (curse)
rCold    + + .     Gourm    .   (shield currently unavailable)
rNeg     . . .     Faith    .   J - +0 swamp dragon scales
rPois    +         Spirit   +   f - +0 helmet
rElec    .         Reflect  .   a - +2 cloak {rC+}
rCorr    .         Harm     .   j - +0 pair of gloves
MR       ++...     Clarity  +   S - +2 pair of boots {run} (curse)
Stlth    +.........             w - amulet of guardian spirit
HPRegen  0.38/turn              l - ring of protection from magic (curse)
MPRegen  0.19/turn              o - ring of protection from cold

@: very slightly contaminated, quick
A: change form in water, swift swim, stealthy swim
}: 1/15 runes: gossamer
a: Curse Item, Scrying, Transfer Knowledge, Renounce Religion


You were on level 4 of the Swamp.
You worshipped Ashenzari.
Ashenzari was exalted by your worship.
You were not hungry.

You visited 6 branches of the dungeon, and saw 32 of its levels.
You also visited: Bailey and Ice Cave.

You collected 3120 gold pieces.

Inventory:

Hand Weapons
 b - a cursed +0 bardiche of chopping
   (You acquired it on level 14 of the Dungeon)
 z - a cursed +4 halberd (weapon)
   (You took it off a wight on level 6 of the Dungeon)
Missiles
 Y - 2 throwing nets (quivered) {!f}
Armour
 a - a +2 cloak of cold resistance (worn)
   (You found it in an ice cave)
 f - a +0 helmet (worn)
   (You found it on level 4 of the Lair of Beasts)
 j - a +0 pair of gloves (worn)
   (You found it on level 5 of the Dungeon)
 J - +0 swamp dragon scales (worn)
   (You found it on level 6 of the Lair of Beasts)
 P - +5 fire dragon scales
   (You found it on level 6 of the Lair of Beasts)
 S - a cursed +2 pair of boots of running (worn)
   (You found it on level 5 of the Lair of Beasts)
Jewellery
 l - a cursed ring of protection from magic (left hand)
   (You found it on level 2 of the Dungeon)
 o - a ring of protection from cold (right hand)
   (You found it on level 5 of the Lair of Beasts)
 w - an amulet of guardian spirit (around neck)
   (You found it on level 5 of the Dungeon)
 x - an uncursed ring of fire
   (You found it on level 5 of the Dungeon)
Wands
 d - a wand of iceblast (20)
   (You found it on level 8 of the Dungeon)
 t - a wand of flame (64)
   (You found it on level 9 of the Dungeon)
 u - a wand of paralysis (9)
   (You found it on level 15 of the Dungeon)
 v - a wand of digging (10)
   (You found it on level 1 of the Spider Nest)
 D - a wand of enslavement (19)
   (You found it on level 9 of the Dungeon)
 O - a wand of scattershot (5)
   (You took it off Joseph on level 9 of the Dungeon)
 Q - a wand of clouds (7)
   (You found it in an ice cave)
Scrolls
 h - 6 scrolls of amnesia
 q - 6 scrolls of teleportation {@r4}
 y - 2 scrolls of fear
 B - 14 scrolls of identify {@r1}
 C - a scroll of summoning
 E - 3 scrolls of fog
 G - 5 scrolls of magic mapping
 L - 8 scrolls of remove curse {@r2}
 T - 8 scrolls of enchant weapon
 W - 2 scrolls of immolation {!r}
 X - a scroll of brand weapon
 Z - a scroll of blinking
Potions
 g - 9 potions of lignification {!q}
 i - 7 potions of agility
 k - 4 potions of mutation {!q}
 m - 4 potions of heal wounds {@q2}
 n - a potion of brilliance
 p - 2 potions of haste {@q3}
 r - a potion of cancellation
 F - 15 potions of curing {@q1}
 H - 4 potions of berserk rage
 I - 3 potions of might
 K - 5 potions of magic
 M - 5 potions of ambrosia
 N - 4 potions of resistance
 R - 2 potions of invisibility
 U - a potion of flight
Miscellaneous
 s - a phial of floods
   (You found it in an ice cave)
 A - a phantom mirror
Comestibles
 c - 3 chunks of flesh
 e - 32 rations {!d}


   Skills:
 + Level 19.7 Fighting
 * Level 19.6(24.3) Polearms
 - Level 5.0 Armour
 + Level 19.3 Dodging
 - Level 2.0 Spellcasting
 - Level 10.0 Hexes
 - Level 10.0 Charms
 - Level 5.0 Translocations
 + Level 5.1 Air Magic
 - Level 8.0 Evocations


You had 3 spell levels left.
You knew the following spells:

 Your Spells              Type           Power        Failure   Level  Hunger
a - Infusion              Chrm           ####         1%          1    #......
b - Blink                 Tloc           N/A          8%          2    ###....
e - Regeneration          Chrm/Necr      ###.......   14%         3    ###....
q - Shroud of Golubria    Chrm/Tloc      ####......   2%          2    ###....
r - Deflect Missiles      Chrm/Air       ####......   95%         6    #######
t - Spectral Weapon       Hex/Chrm       #####...     1%          3    ###....
w - Song of Slaying       Chrm           #####...     1%          2    ###....

Your spell library contained the following spells:

 Spells                   Type           Power        Failure   Level  Hunger
 Confusing Touch          Hex            #####.       1%          1    #......
 Corona                   Hex            #####..      1%          1    #......
 Slow                     Hex            #####...     1%          2    ###....
 Swiftness                Chrm/Air       ####....     2%          2    ###....
 Apportation              Tloc           ###...       4%          1    #......
 Portal Projectile        Hex/Tloc       ####..       5%          3    ###....
 Shock                    Conj/Air       ##..         14%         1    #......
 Inner Flame              Hex/Fire       ###.....     14%         3    ###....
 Animate Skeleton         Necr           N/A          36%         1    #......
 Magic Dart               Conj           #...         36%         1    #......
 Sting                    Conj/Pois      #...         36%         1    #......
 Summon Small Mammal      Summ           #...         36%         1    #......
 Recall                   Summ/Tloc      N/A          38%         3    ###....
 Static Discharge         Conj/Air       ##......     38%         3    ###....
 Call Imp                 Summ           #.......     50%         2    ###....
 Mephitic Cloud           Conj/Pois/Air  #.......     50%         3    ###....
 Conjure Flame            Conj/Fire      #.......     75%         3    ###....
 Cause Fear               Hex            #####.....   6%          4    #####..
 Airstrike                Air            ###.......   43%         4    #####..
 Leda's Liquefaction      Hex/Erth       ###.......   43%         4    #####..
 Silence                  Hex/Air        ####......   43%         5    ######.
 Darkness                 Hex            #####.....   67%         6    #######
 Summon Lightning Spire   Summ/Air       ##......     80%         4    #####..
 Animate Dead             Necr           N/A          98%         4    #####..
 Lightning Bolt           Conj/Air       ##........   98%         5    ######.
 Borgnjor's Vile Clutch   Necr/Erth      #.........   100%        5    ######.
 Venom Bolt               Conj/Pois      #.........   100%        5    ######.
 Conjure Ball Lightning   Conj/Air       ##........   100%        6    #######
 Death Channel            Necr           #.........   100%        6    #######
 Simulacrum               Ice/Necr       #.........   100%        6    #######
 Ring of Flames           Chrm/Fire      ###.......   100%        7    #######
 Tornado                  Air            ###.......   100%        9    #######


Dungeon Overview and Level Annotations

Branches:
Dungeon (15/15)            Temple (1/1) D:6            Lair (6/6) D:9
  Swamp (4/4) Lair:3       Spider (4/4) Lair:3        Slime (0/5) Lair:5
    Orc (2/2) D:10            Elf (0/3) Orc:2        Vaults (0/5) D:14
 Depths (0/5) D:15

Altars:
Ashenzari
Cheibriados
Dithmenos
Elyvilon
Fedhas
Gozag
Hepliaklqana
Kikubaaqudgha
Makhleb
Nemelex Xobeh
Okawaru
Qazlal
Ru
Sif Muna
Trog
Uskayaw
Vehumet
Wu Jian
Xom
Yredelemnul
Zin
The Shining One
Beogh
Jiyva

Shops:
Orc:2 ((==

Portals:
Trove: D:12 (give 11 potions of heal wounds)

Annotations:
D:6 1 runed translucent door, Crazy Yiuf
D:11 3 runed translucent doors, Masnef's ghost, novice FeEn; petercordia2's ghost, journeyman OpFi
D:15 2 transporters, P0WERM0DE's ghost, journeyman DDFi
Lair:5 1 runed translucent door, Riymurr's ghost, journeyman MfMo
Swamp:4 Bai Suzhen; Lernaean hydra
Spider:4 exclusion: door


Message History

A four-headed hydra comes into view.
A swamp drake comes into view.
A bog body comes into view.
A swamp dragon comes into view. x2
A bog body comes into view.
The shadow moves out of view.
The four-headed hydra moves out of view.
Found 2 rations, 70 stones and a large rock.
There is a fountain of sparkling water here.
As you read the scroll of teleportation {@r4}, it crumbles to dust.
You feel strangely unstable.
The swamp dragon roars deafeningly!
You hear a roar! x5
You hear a deafening roar!
You hear a roar!
A five-headed hydra comes into view.
A swamp drake comes into view.
The swamp drake roars!
Your legs become a tail as you enter the water.
Your cursed +2 pair of boots of running melds into your body.
A swamp dragon comes into view.
A bog body comes into view.
Your cursed +2 pair of boots of running unmelds from your body.
You feel quick.
A swamp dragon comes into view.
A swamp drake comes into view. x2
Your surroundings suddenly seem different.
The 27-headed Lernaean hydra comes into view.
The 27-headed Lernaean hydra roars deafeningly!
You hear a deafening roar!
You hear a roar! x2
A swamp drake comes into view.
The swamp drake breathes noxious fumes at you.
The noxious blast misses you.
Found three items.
The four-headed hydra roars!
The five-headed hydra roars!
You hear a roar! x2
The 27-headed Lernaean hydra bites you but does no damage. x3
The 27-headed Lernaean hydra completely misses you.
The 27-headed Lernaean hydra bites you.
* * * LOW HITPOINT WARNING * * *
The 27-headed Lernaean hydra misses you.
The 27-headed Lernaean hydra bites you.
* * * LOW HITPOINT WARNING * * *
The 27-headed Lernaean hydra misses you.
The 27-headed Lernaean hydra bites you.
* * * LOW HITPOINT WARNING * * *
The 27-headed Lernaean hydra bites you but does no damage. x2
The 27-headed Lernaean hydra closely misses you.
The 27-headed Lernaean hydra bites you but does no damage. x2
The 27-headed Lernaean hydra bites you.
* * * LOW HITPOINT WARNING * * *
The 27-headed Lernaean hydra completely misses you.
The 27-headed Lernaean hydra bites you.
* * * LOW HITPOINT WARNING * * *
The 27-headed Lernaean hydra bites you!
* * * LOW HITPOINT WARNING * * *
The 27-headed Lernaean hydra bites you!
You die...

* ,≈ * , ≈
♣♣♣§ZP♣≈≈≈≈≈♣≈≈ ,≈ * ,
* ♣♣.PPP≈§≈≈≈≈≈≈≈≈ , ,
. * *♣≈{≈§§☼§.♣♣♣♣.≈≈
* * ≈≈,..
≈≈#####≈§≈§♣♣ ♣≈.≈≈ ,
** #.., ##..[##♣♣♣♣
♣≈.≈≈
.≈..P#.P.....P.#..°.[#
♣♣♣.≈
.D.≈...8.P..≈8≈#.°°°.#
** ♣≈≈.
,.P≈≈..≈..#P.n.#kD°°.#
.....♣ *
.≈...8..#.≈8.'@°°°##*≈
,.≈≈≈≈.♣
####...≈.#.#...#+####
≈≈≈≈≈≈♣
#≈≈....8§.#§P(..{{, ≈
* ≈≈≈w≈.<
#.8≈8.8.D.#.D{({8 {{
≈≈≈.≈
.P§.....≈.D.≈{{{. , ,
∆≈≈≈≈ , *
#≈PP≈..D.n#⌠{Dn# ,,
,** ≈≈
+.≈##.##n##*,#..**,{ *
≈ ♣≈ #.,≈.#≈%.⌠# , , ,
, * * , ≈≈.≈≈
,{P..PP≈...P, ,, ,* *
.≈≈


You could see the 27-headed Lernaean hydra, a four-headed hydra, a swamp dragon,
2 bog bodies and a swamp drake.

Vanquished Creatures
  Arachne (Spider:1)
  Jorgrun (Orc:1)
  A tentacled monstrosity (Swamp:2)
  An Ice Fiend (IceCv)
  2 thorn hunters
  Agnes (Spider:1)
  13 emperor scorpions
  4 ghost moths
  Aizul (Swamp:1)
  Louise (D:14)
  5 entropy weavers
  2 spark wasps (Spider:4)
  An ettin (Orc:2)
  3 vault guards (D:14)
  3 ogre magi
  Josephine (D:15)
  A fire dragon (Lair:6)
  A rakshasa (D:14)
  12 hydras
  A ghost crab (Swamp:2)
  9 alligators
  A catoblepas (D:14)
  An anaconda (Swamp:3)
  16 two-headed ogres
  A queen ant (Spider:4)
  3 shambling mangroves
  5 centaur warriors
  An anaconda (shapeshifter) (D:15)
  2 tengu warriors
  10 death yaks
  5 unseen horrors
  A glowing orange brain (D:15)
  2 deep trolls (Orc:2)
  Pikel (D:9)
  6 swamp dragons
  4 wizards
  3 orc knights
  2 necromancers (D:14)
  A wolf spider zombie (D:14)
  16 orb spiders
  30 wolf spiders
  3 orc sorcerers
  12 ugly things
  A deep elf mage (D:13)
  6 cyclopes
  10 elephants
  2 manticores
  4 black mambas
  A moth of wrath (Spider:3)
  Joseph (D:9)
  3 centaur zombies
  2 torpor snails
  An ice statue (IceCv)
  A gargoyle (D:13)
  13 spiny frogs
  5 centaur skeletons
  4 komodo dragons
  6 rime drakes
  2 freezing wraiths (IceCv)
  15 demonic crawlers
  A golden dragon simulacrum (IceCv)
  3 anaconda simulacra (IceCv)
  6 ice devils (IceCv)
  13 trolls
  25 hornets
  35 jumping spiders
  A polar bear (Lair:5)
  11 tyrant leeches
  21 slime creatures
  12 blink frogs
  4 bog bodies
  5 hippogriffs
  A hippogriff (shapeshifter) (D:15)
  76 redbacks
  4 wyverns
  Eustachio (D:4)
  4 shadows
  A vampire (D:15)
  7 spriggans
  33 tarantellas
  4 wraiths
  38 yaks
  2 dire elephant simulacra (IceCv)
  18 humans (D:14)
  A hungry ghost (D:10)
  3 basilisks
  14 vampire mosquitoes
  3 harpy simulacra (IceCv)
  Edmund (D:4)
  2 iron troll simulacra (IceCv)
  5 wargs
  7 swamp worms
  3 insubstantial wisps (Swamp:1)
  16 soldier ants
  7 hydra simulacra (IceCv)
  19 water moccasins
  5 porcupines
  A hornet zombie (D:14)
  15 orc warriors
  37 ogres
  8 swamp drakes
  An eye of draining (shapeshifter) (D:15)
  6 sky beasts
  2 eyes of draining
  4 slaves (D:8)
  A necrophage (D:3)
  An ettin simulacrum (IceCv)
  A tengu (shapeshifter) (D:15)
  6 centaurs
  4 wolves (Lair:5)
  7 crocodiles
  A big kobold (D:11)
  Blork the orc (D:4)
  A wyvern zombie (D:13)
  12 bullfrogs
  A gnoll sergeant (D:10)
  A water moccasin skeleton (D:8)
  7 scorpions
  An elephant simulacrum (IceCv)
  14 killer bees
  14 wights
  3 howler monkeys
  3 electric eels
  10 crimson imps
  3 quasits
  4 draconian simulacra (IceCv)
  12 orc priests
  8 hounds
  2 bullfrog zombies
  4 jellies
  10 orc wizards
  4 bullfrog skeletons
  8 iguanas
  5 hell rats (Lair:5)
  37 worker ants
  A polar bear simulacrum (IceCv)
  3 troll simulacra (IceCv)
  A spriggan simulacrum (IceCv)
  A killer bee zombie (D:7)
  2 wolf simulacra (IceCv)
  A centaur simulacrum (IceCv)
  2 hound zombies
  2 hound skeletons
  2 worker ant zombies
  19 gnolls
  7 naga simulacra (IceCv)
  2 ogre simulacra (IceCv)
  21 adders
  3 shadow imps
  4 white imps (IceCv)
  4 ufetubi (IceCv)
  An adder skeleton (D:7)
  An adder zombie (D:6)
  5 worms
  2 dart slugs
  10 leopard geckos
  68 orcs
  6 ball pythons
  7 giant cockroaches
  27 hobgoblins
  16 jackals
  5 quokkas
  3 bats
  8 frilled lizards
  9 goblins
  24 kobolds
  4 rats (D:1)
  A briar patch (Swamp:3)
  2 plants (Lair:6)
1214 creatures vanquished.

Vanquished Creatures (others)
  A spiny frog (Swamp:4)
  7 briar patches
  14 fungi
  8 plants
  72 spectral weapons
  A withered plant (D:11)
103 creatures vanquished.

Grand Total: 1317 creatures vanquished

Notes
Turn   | Place    | Note
-------+----------+-------------------------------------------
     0 | D:1      | Norn the Merfolk Skald began the quest for the Orb.
     0 | D:1      | Reached XP level 1. HP: 16/16 MP: 3/3
    23 | D:1      | Reached XP level 2. HP: 3/23 MP: 0/5
   569 | D:1      | Learned a level 2 spell: Shroud of Golubria
   574 | D:1      | Reached XP level 3. HP: 28/28 MP: 2/6
   582 | D:1      | Learned a level 3 spell: Spectral Weapon
  1475 | D:2      | Reached XP level 4. HP: 28/34 MP: 0/7
  2287 | D:3      | Found an opulent altar of Gozag.
  2374 | D:3      | Noticed a necrophage
  2418 | D:3      | Killed a necrophage
  2418 | D:3      | Reached skill level 5 in Polearms
  2418 | D:3      | Reached skill level 1 in Hexes
  2418 | D:3      | Reached skill level 1 in Translocations
  2418 | D:3      | Reached XP level 5. HP: 14/39 MP: 1/8
  3053 | D:3      | Found a hazy altar of Hepliaklqana.
  3086 | D:3      | Reached XP level 6. HP: 45/45 MP: 7/9
  3156 | D:3      | Found a faded altar of an unknown god.
  3989 | D:4      | Reached XP level 7. HP: 45/51 MP: 7/10
  4118 | D:4      | Noticed Blork the orc
  4139 | D:4      | Killed Blork the orc
  4612 | D:4      | Reached skill level 5 in Dodging
  4744 | D:5      | Entered Level 5 of the Dungeon
  4760 | D:5      | Noticed Edmund
  4760 | D:5      | Noticed Eustachio
  5131 | D:4      | Killed Edmund
  5490 | D:4      | Killed Eustachio
  5490 | D:4      | Reached XP level 8. HP: 48/59 MP: 8/11
  5641 | D:5      | Found a shadowy altar of Dithmenos.
  5717 | D:5      | HP: 1/61 [centaur/+0 dagger (5)]
  6014 | D:5      | Found a glowing golden altar of the Shining One.
  6751 | D:6      | Reached skill level 5 in Fighting
  6777 | D:6      | Found a staircase to the Ecumenical Temple.
  6804 | Temple   | Entered the Ecumenical Temple
  7105 | Temple   | Became a worshipper of Ashenzari the Shackled
  7750 | D:6      | Reached skill level 10 in Polearms
  7750 | D:6      | Reached XP level 9. HP: 39/69 MP: 3/12
  8554 | D:6      | Found a runed translucent door.
  8555 | D:6      | Noticed Crazy Yiuf
 10080 | D:7      | Found a sacrificial altar of Ru.
 10081 | D:7      | Found a white marble altar of Elyvilon.
 10082 | D:7      | Found a radiant altar of Vehumet.
 10399 | D:8      | Reached XP level 10. HP: 74/79 MP: 10/13
 11483 | D:8      | Reached * piety under Ashenzari
 11780 | D:9      | Noticed Pikel
 11882 | D:9      | Killed Pikel
 12036 | D:9      | Found a stormy altar of Qazlal.
 12128 | D:9      | Noticed Joseph
 12143 | D:9      | Killed Joseph
 12143 | D:9      | Reached skill level 10 in Dodging
 12707 | D:9      | Noticed a centaur warrior
 12717 | D:9      | Killed a centaur warrior
 12717 | D:9      | Reached skill level 15 in Polearms
 12717 | D:9      | Reached XP level 11. HP: 54/87 MP: 6/14
 12743 | D:9      | Noticed a centaur warrior
 12758 | D:9      | Noticed a two-headed ogre
 12763 | D:9      | Killed a centaur warrior
 12838 | D:9      | Killed a two-headed ogre
 12998 | D:9      | Found a staircase to the Lair.
 13000 | D:9      | Got the uncursed leather armour "Jecom" {MR+++ Int-5}
 13116 | D:9      | Got the cursed robe "Noffen" {+Blink Str+3 Int-4 Stlth+}
 13393 | D:9      | Noticed a centaur warrior
 13400 | D:9      | Killed a centaur warrior
 13516 | D:10     | Entered Level 10 of the Dungeon
 13516 | D:10     | Found a hide-covered altar of Uskayaw.
 13913 | D:10     | Noticed a two-headed ogre
 13929 | D:10     | Killed a two-headed ogre
 13929 | D:10     | Reached skill level 1 in Evocations
 14078 | D:10     | Killed an unseen horror
 14213 | D:10     | Reached skill level 10 in Fighting
 14236 | D:10     | Found a staircase to the Orcish Mines.
 14521 | D:10     | Noticed a tengu warrior
 14534 | D:10     | Killed a tengu warrior
 14978 | D:11     | Found a flagged portal.
 14983 | D:11     | Reached XP level 12. HP: 98/98 MP: 8/15
 14990 | D:11     | Reached ** piety under Ashenzari
 15007 | Bailey   | Entered a bailey
 15702 | D:11     | Noticed a two-headed ogre
 15708 | D:11     | Killed a two-headed ogre
 15743 | D:11     | Found a runed translucent gate.
 15743 | D:11     | Found a runed translucent gate.
 15745 | D:11     | Found a runed translucent gate.
 15745 | D:11     | Noticed petercordia2's ghost (journeyman OpFi)
 15745 | D:11     | Noticed Masnef's ghost (novice FeEn)
 15992 | Lair:1   | Entered Level 1 of the Lair of Beasts
 16265 | Lair:1   | Noticed a four-headed hydra
 16270 | Lair:1   | Killed a four-headed hydra
 16270 | Lair:1   | Reached skill level 5 in Evocations
 16316 | Lair:1   | Noticed an eight-headed hydra
 16324 | Lair:1   | Killed an eight-headed hydra
 16536 | Lair:1   | Reached *** piety under Ashenzari
 17398 | Lair:3   | Reached **** piety under Ashenzari
 17453 | Lair:3   | Reached skill level 5 in Charms
 17706 | Lair:3   | Found an opulent altar of Gozag.
 17728 | Lair:3   | Reached skill level 5 in Hexes
 17879 | Lair:3   | Found a hole to the Spider Nest.
 17891 | Lair:3   | Found a staircase to the Swamp.
 18814 | Lair:5   | Reached XP level 13. HP: 92/107 MP: 12/17
 19130 | Lair:5   | Found a runed translucent door.
 19132 | Lair:5   | Noticed Riymurr's ghost (journeyman MfMo)
 19327 | Lair:5   | Found a staircase to the Slime Pits.
 19328 | Lair:5   | Found a viscous altar of Jiyva.
 19343 | Lair:5   | Reached ***** piety under Ashenzari
 19349 | Lair:5   | Identified a scroll of acquirement
 19694 | Lair:5   | Reached skill level 15 in Dodging
 19898 | Lair:5   | Identified a +1 pair of boots of running (You found it on
                  | level 5 of the Lair of Beasts)
 20084 | Lair:5   | Identified the amulet "Serol" {Acrobat rN+}
 20238 | Lair:5   | Found the +5 robe of Night {Dark MR+ SInv}
 20252 | Lair:6   | Entered Level 6 of the Lair of Beasts
 20261 | Lair:6   | Learned a level 2 spell: Song of Slaying
 20268 | Lair:6   | Learned a level 6 spell: Deflect Missiles
 20306 | Lair:5   | Reached skill level 1 in Air Magic
 20661 | Lair:6   | Identified the cursed +0 trident of Zin's Anger {venom,
                  | -Tele +Inv +Fly Dex+4}
 20728 | Lair:6   | Reached XP level 14. HP: 118/118 MP: 17/20
 21538 | Lair:6   | Reached skill level 1 in Armour
 22327 | D:12     | Found a portal to a secret trove of treasure.
 22940 | D:13     | Found a shimmering altar of Xom.
 24316 | D:14     | Noticed Louise
 24415 | D:13     | Identified the +3 leather armour "Jecom" {MR+++ Int-5} (You
                  | found it on level 9 of the Dungeon)
 25870 | D:14     | Reached XP level 15. HP: 101/127 MP: 15/21
 26285 | D:14     | Killed Louise
 26571 | D:14     | Found a deep blue altar of Sif Muna.
 26809 | D:14     | Reached skill level 15 in Fighting
 26873 | D:14     | Found a gate to the Vaults.
 26955 | D:14     | Reached skill level 5 in Armour
 27208 | D:15     | Entered Level 15 of the Dungeon
 27217 | D:15     | Found a transporter.
 27217 | D:15     | Noticed P0WERM0DE's ghost (journeyman DDFi)
 27520 | D:15     | Found a transporter.
 28806 | D:15     | Found a staircase to the Depths.
 28921 | D:15     | Noticed Josephine
 28929 | D:15     | Killed Josephine
 29468 | D:15     | Reached ****** piety under Ashenzari
 29650 | Orc:1    | Entered Level 1 of the Orcish Mines
 30529 | Orc:2    | Entered Level 2 of the Orcish Mines
 30529 | Orc:2    | Noticed Jorgrun
 30542 | Orc:1    | Killed Jorgrun
 30784 | Orc:2    | Reached XP level 16. HP: 133/140 MP: 22/22
 31518 | Orc:2    | Found Kaseacan's Weapon Boutique.
 31813 | Orc:2    | Found Suddudgh's Jewellery Shoppe.
 31814 | Orc:2    | Found Hauwuty's Weapon Emporium.
 31817 | Orc:2    | Found a staircase to the Elven Halls.
 31979 | Orc:2    | Found Tynn's Jewellery Shoppe.
 31999 | Orc:2    | Found a roughly hewn altar of Beogh.
 32288 | Spider:1 | Entered Level 1 of the Spider Nest
 34032 | Spider:1 | Noticed Agnes
 34039 | Spider:1 | Killed Agnes
 34039 | Spider:1 | Reached skill level 10 in Hexes
 37171 | Spider:2 | Noticed Arachne
 37212 | Spider:1 | Killed Arachne
 37212 | Spider:1 | Reached XP level 17. HP: 59/150 MP: 10/23
 39610 | Spider:2 | Reached skill level 10 in Charms
 41275 | Spider:3 | Identified Sif Muna's Disquisition on Clay and Boosts
 42030 | Spider:3 | Learned a level 3 spell: Regeneration
 42033 | Spider:3 | Learned a level 2 spell: Blink
 42134 | Spider:4 | Entered Level 4 of the Spider Nest
 42724 | Spider:2 | HP: 7/151 [poisoned by a wolf spider]
 42729 | Spider:2 | HP: 6/151 [poisoned by a wolf spider]
 42734 | Spider:2 | HP: 5/151 [poisoned by a wolf spider]
 42741 | Spider:2 | HP: 6/151 [poisoned by a wolf spider]
 42749 | Spider:2 | HP: 7/151 [poisoned by a wolf spider]
 44905 | Spider:4 | Reached XP level 18. HP: 122/160 MP: 12/24
 47203 | Spider:4 | Got a gossamer rune of Zot
 47335 | Swamp:1  | Entered Level 1 of the Swamp
 47335 | Swamp:1  | Found a frozen archway.
 47341 | IceCv    | Entered an ice cave
 48985 | IceCv    | Noticed an Ice Fiend
 49020 | IceCv    | Killed an Ice Fiend
 49759 | Swamp:1  | Noticed Aizul
 49777 | Swamp:1  | Killed Aizul
 50315 | Swamp:1  | Reached skill level 5 in Translocations
 51605 | Swamp:2  | Identified the Collected Works on Enchantment and Poisoning
 51867 | Swamp:2  | Noticed a tentacled monstrosity
 51879 | Swamp:2  | Killed a tentacled monstrosity
 53120 | Swamp:3  | Reached XP level 19. HP: 155/168 MP: 21/25
 53214 | Swamp:3  | Reached skill level 5 in Air Magic
 54072 | Swamp:4  | Entered Level 4 of the Swamp
 54073 | Swamp:4  | Noticed Bai Suzhen
 54112 | Swamp:4  | Noticed the 27-headed Lernaean hydra
 54114 | Swamp:4  | Slain by the 27-headed Lernaean hydra

Skill      XL: |  1  2  3  4  5  6  7  8  9 10 11 12 13 14 15 16 17 18 19 |
---------------+----------------------------------------------------------+-----
Dodging        | 3 4 5 6 8 10 12 13 15 16 17 18 19 | 19.3
Polearms       | 4 5 6 8 10 12 15 16 17 19 | 19.6
Fighting       | 3 4 5 7 8 10 11 13 14 16 18 19 | 19.7
Hexes          | 1 2 3 4 5 7 10 | 10.0
Charms         | 4 5 7 8 9 10 | 10.0
Translocations | 1 2 3 5 |  5.0
Evocations     | 3 6 8 |  8.0
Air Magic      | 2 3 4 5 |  5.1
Armour         | 4 5 |  5.0
Spellcasting   | |  2.0

Action                   |  1- 3 |  4- 6 |  7- 9 | 10-12 | 13-15 | 16-18 | 19-21 || total
-------------------------+-------+-------+-------+-------+-------+-------+-------++-------
Melee: Spear             |   152 |   170 |   277 |       |       |       |       ||   599
       Tailslap          |       |       |     2 |       |     3 |    27 |     6 ||    38
       Halberd           |       |       |   161 |   602 |  1188 |  1885 |    89 ||  3925
 Cast: Infusion          |    13 |     8 |     2 |     1 |     1 |     1 |       ||    26
       Shroud of Golubri |     2 |     1 |     5 |     1 |     4 |     4 |       ||    17
       Spectral Weapon   |       |     9 |    42 |    70 |   108 |   179 |     8 ||   416
Invok: Curse Item        |       |       |       |     1 |     1 |       |       ||     2
Evoke: Wand              |       |       |     2 |    13 |    23 |    34 |     2 ||    74
  Use: Scroll            |       |       |     9 |    10 |     9 |    13 |     4 ||    45
       Potion            |       |       |     7 |       |     1 |     5 |       ||    13
 Stab: Sleeping          |     3 |       |     1 |     4 |       |     1 |       ||     9
       Distracted        |       |     1 |     4 |     4 |    17 |    21 |     1 ||    48
       Petrified         |       |       |       |       |     1 |       |       ||     1
       Held in net/web   |       |       |       |       |       |     4 |       ||     4
       Confused          |       |       |       |       |       |     2 |       ||     2
  Eat: Chunk             |     2 |    10 |    22 |    30 |    44 |    39 |     4 ||   151
       Ration            |       |       |     2 |     2 |     3 |    15 |       ||    22
Armor: Leather armour    |    22 |    17 |    33 |    10 |    85 |    14 |       ||   181
       Skin              |       |       |    30 |       |       |       |       ||    30
       Troll leather arm |       |       |       |    33 |    33 |       |       ||    66
       Swamp dragon scal |       |       |       |       |    61 |   577 |    18 ||   656
       Fire dragon scale |       |       |       |       |     1 |       |       ||     1
Dodge: Dodged            |    70 |    76 |   238 |   425 |   699 |  1842 |   115 ||  3465
